 Dungeon Crawl Stone Soup version 0.29.0-11-gd7f09526c8 (webtiles) character file.

Game seed: 3735101471209137502

85 themarg the Basher (level 4, -2/32 HPs)
             Began as a Gnoll Wanderer on Sept 2, 2022.
             Slain by Pargi (3 damage)
             ... in a sewer.
             The game lasted 00:05:46 (2016 turns).

themarg the Basher (Gnoll Wanderer)                 Turns: 2016, Time: 00:05:46

Health: -2/32      AC:  4    Str: 11    XL:     4   Next: 48%
Magic:  12/13      EV: 11    Int: 13    God:
Gold:   143        SH:  0    Dex: 12    Spells: 16/17 levels left

rFire   . . .      SeeInvis .   a - +2 mace
rCold   . . .      Faith    .   (no shield)
rNeg    . . .      Spirit   .   d - +0 robe
rPois   .          Reflect  .   b - +0 helmet
rElec   .          Harm     .   (no cloak)
rCorr   .          Rampage  .   (no gloves)
Will    .....                   h - +0 pair of boots
Stlth   ++........              (no amulet)
HPRegen 0.10/turn               (no ring)
MPRegen 0.13/turn               (no ring)

@: no status effects
A: fangs 1, strong nose, distributed training
a: no special abilities


You were in a sewer.
You visited 1 branch of the dungeon, and saw 3 of its levels.
You also visited: Sewer.

You collected 143 gold pieces.

Inventory:

Hand Weapons
 a - a +2 mace (weapon)
 k - a +0 spear of freezing
Missiles
 t - a poisoned dart (quivered)
Armour
 b - a +0 helmet (worn)
 d - a +0 robe (worn)
 h - a +0 pair of boots (worn)
 s - a +0 tower shield
Scrolls
 c - a scroll of fear
 e - 5 scrolls of identify {unknown}
 m - 2 scrolls of teleportation {unknown}
 n - a scroll of amnesia {unknown}
 p - a scroll of butterflies {unknown}
 q - a scroll of enchant weapon {unknown}
Potions
 f - 2 potions of lignification {unknown}
 g - a potion of attraction {unknown}
 i - a potion of resistance {unknown}
 j - 2 potions of degeneration {unknown}
 l - a potion of curing {unknown}
 o - a potion of mutation {unknown}
 r - a potion of magic {unknown}


   Skills:
 + Level 1.2 Fighting
 + Level 1.2 Short Blades
 + Level 1.2 Long Blades
 + Level 1.2 Axes
 + Level 8.6 Maces & Flails
 + Level 1.2 Polearms
 + Level 1.2 Staves
 + Level 1.2 Ranged Weapons
 + Level 1.2 Throwing
 + Level 1.2 Armour
 + Level 1.2 Dodging
 + Level 4.3 Stealth
 + Level 1.2 Shields
 + Level 1.2 Unarmed Combat
 + Level 7.2 Spellcasting
 + Level 1.0 Conjurations
 + Level 1.0 Hexes
 + Level 1.0 Summonings
 + Level 1.0 Necromancy
 + Level 1.0 Translocations
 + Level 1.0 Transmutations
 + Level 1.0 Fire Magic
 + Level 1.0 Ice Magic
 + Level 1.0 Air Magic
 + Level 1.0 Earth Magic
 + Level 1.0 Poison Magic
 + Level 1.3 Invocations
 + Level 2.8 Evocations


You had 16 spell levels left.
You knew the following spells:

 Your Spells              Type           Power      Damage    Failure   Level
a - Sting                 Tmut/Pois      28%        1d4       10%         1

Your spell library contained the following spells:

 Spells                   Type           Power      Damage    Failure   Level
 Apportation              Tloc           14%        N/A       10%         1
 Necrotise                Necr           28%        1d5       10%         1
 Summon Small Mammal      Summ           28%        N/A       10%         1
 Mephitic Cloud           Conj/Pois/Air  7%         N/A       30%         3


Dungeon Overview and Level Annotations

Branches:
Dungeon (3/15)              Sewer (1/1)

Altars:

Annotations:
Sewer Pargi


Innate Abilities, Weirdness & Mutations

You have very sharp teeth.
Your uncanny sense of smell can sniff out nearby items.
Your experience applies equally to all skills.


Message History

The sting hits Pargi.
Pargi looks even sicker.
Pargi is lightly wounded.
Pargi barely misses you. x2; Pargi claws you.
Casting: Sting (safe; 10% risk of failure)
Confirm with . or Enter, or press ? or * to list all spells.
Aiming: Sting (safe; 10% risk of failure)
Press: ? - help, Shift-Dir - straight line, f/p - Pargi
Aim: Pargi (very poisoned, 60% to hit)
The sting hits Pargi.
Pargi looks even sicker.
Pargi is lightly wounded.
Pargi bites you. Pargi closely misses you. Pargi claws you.
Pargi attacks as you move away! Pargi bites you but does no damage.
Pargi completely misses you. Pargi claws you but does no damage.
Pargi attacks as you move away! Pargi barely misses you. x2
Pargi closely misses you.
You enter the shallow water.
Moving in this stuff is going to be slow.
Pargi bites you. Pargi closely misses you. Pargi claws you but does no damage.
Pargi attacks as you move away! Pargi bites you.
* * * LOW HITPOINT WARNING * * *
Pargi claws you.
* * * LOW HITPOINT WARNING * * *
Pargi barely misses you. Pargi closely misses you.
Pargi claws you but does no damage. x2
You barely miss Pargi. Pargi closely misses you. x3
You closely miss Pargi. You hit Pargi.
Pargi is lightly wounded.
Pargi barely misses you. Pargi claws you but does no damage. Pargi claws you.
* * * LOW HITPOINT WARNING * * *
You closely miss Pargi. You bite Pargi.
Pargi is lightly wounded.
Pargi barely misses you. Pargi claws you.
* * * LOW HITPOINT WARNING * * *
Pargi claws you but does no damage.
You sock Pargi!
Pargi is heavily wounded.
Pargi bites you.
* * * LOW HITPOINT WARNING * * *
Pargi claws you.
You die...

#####≈#####≈≈##
≈≈≈#≈≈≈≈≈#≈≈≈≈####
≈≈≈≈≈≈≈≈≈≈≈≈≈≈≈≈≈#
≈≈≈≈≈≈≈≈≈≈≈≈≈≈≈≈≈#
≈≈≈≈≈≈≈≈≈≈≈≈≈≈≈≈≈###
≈≈≈≈≈≈≈≈≈≈≈≈≈≈≈≈≈≈≈###
≈≈≈≈≈≈≈≈≈≈≈≈≈≈≈≈≈≈≈≈≈#
≈≈≈≈≈≈~~.~≈≈≈≈≈≈≈≈≈≈≈#
≈≈≈≈.~#..#T@≈≈≈≈≈≈≈≈≈##
≈≈~(# ######~≈≈≈≈≈≈≈≈≈#
(~# #.~~~≈≈≈≈≈≈≈## #
##..#.≈≈≈≈≈≈≈#
#####.≈≈≈≈≈≈# ##.≈≈≈≈≈#
###†≈≈≈≈## #..≈≈≈≈≈##
∆∆∆ ##~≈≈≈≈≈≈≈#


You could see Pargi (poisoned).

Vanquished Creatures
  A gnoll (D:1)
  2 adders
  A river rat (D:3)
  A worm (D:3)
  2 dart slugs (D:1)
  4 endoplasms
  4 goblins
  3 hobgoblins
  A quokka (D:2)
  5 ball pythons
  5 bats
  6 frilled lizards
  4 kobolds
  7 rats
46 creatures vanquished.

Notes
Turn   | Place    | Note
-------+----------+-------------------------------------------
     0 | D:1      | themarg the Gnoll Wanderer began the quest for the Orb.
     0 | D:1      | themarg set off with the following items: a +2 mace, a +0
                  | helmet, a scroll of fear, a +0 robe; and the following
                  | spell memorised: Sting; and the following spells available
                  | to memorise: Mephitic Cloud.
     0 | D:1      | Reached XP level 1. HP: 13/13 MP: 8/8
   253 | D:1      | Reached XP level 2. HP: 20/20 MP: 10/10
   397 | D:1      | Reached XP level 3. HP: 25/25 MP: 9/11
   583 | D:1      | Reached skill level 1 in Invocations
  1059 | D:2      | Reached skill level 1 in Fighting
  1059 | D:2      | Reached skill level 1 in Short Blades
  1059 | D:2      | Reached skill level 1 in Long Blades
  1059 | D:2      | Reached skill level 1 in Axes
  1059 | D:2      | Reached skill level 1 in Polearms
  1059 | D:2      | Reached skill level 1 in Staves
  1059 | D:2      | Reached skill level 1 in Ranged Weapons
  1059 | D:2      | Reached skill level 1 in Throwing
  1059 | D:2      | Reached skill level 1 in Armour
  1059 | D:2      | Reached skill level 1 in Dodging
  1059 | D:2      | Reached skill level 1 in Shields
  1059 | D:2      | Reached skill level 1 in Unarmed Combat
  1416 | D:2      | Reached XP level 4. HP: 32/32 MP: 11/13
  1640 | D:3      | Found a glowing drain.
  1887 | Sewer    | Entered a sewer
  1904 | Sewer    | Reached skill level 1 in Conjurations
  1904 | Sewer    | Reached skill level 1 in Hexes
  1904 | Sewer    | Reached skill level 1 in Summonings
  1904 | Sewer    | Reached skill level 1 in Necromancy
  1904 | Sewer    | Reached skill level 1 in Translocations
  1904 | Sewer    | Reached skill level 1 in Transmutations
  1904 | Sewer    | Reached skill level 1 in Fire Magic
  1904 | Sewer    | Reached skill level 1 in Ice Magic
  1904 | Sewer    | Reached skill level 1 in Air Magic
  1904 | Sewer    | Reached skill level 1 in Earth Magic
  1904 | Sewer    | Reached skill level 1 in Poison Magic
  1998 | Sewer    | Noticed Pargi
  2016 | Sewer    | HP: 1/32 [Pargi (4)]
  2016 | Sewer    | Slain by Pargi

Illustrated notes

Levels and vault maps discovered:
D:1:      scummos_arrival_star, layout_rooms,
          nicolae_concentric_dashed_squares_wild
D:2:      layout_loops_ring, hangedman_abyss_or_decor_lesser_grid,
          minmay_fractal_squares_5
D:3:      layout_basic, hellmonk_ecumenical_altar_zigzags, portal_sewer_entry_b,
          minmay_vboxes
Sewer:    sewer_co_pargi_island

Skill      XL: |  1  2  3  4 |
---------------+-------------+-----
Invocations    | 1 |  1.3
Fighting       | 1 |  1.2
Short Blades   | 1 |  1.2
Long Blades    | 1 |  1.2
Axes           | 1 |  1.2
Polearms       | 1 |  1.2
Staves         | 1 |  1.2
Ranged Weapons | 1 |  1.2
Throwing       | 1 |  1.2
Armour         | 1 |  1.2
Dodging        | 1 |  1.2
Shields        | 1 |  1.2
Unarmed Combat | 1 |  1.2
Conjurations   | 1 |  1.0
Hexes          | 1 |  1.0
Summonings     | 1 |  1.0
Necromancy     | 1 |  1.0
Translocations | 1 |  1.0
Transmutations | 1 |  1.0
Fire Magic     | 1 |  1.0
Ice Magic      | 1 |  1.0
Air Magic      | 1 |  1.0
Earth Magic    | 1 |  1.0
Poison Magic   | 1 |  1.0
Maces & Flails | |  8.6
Stealth        | |  4.3
Spellcasting   | |  7.2
Evocations     | |  2.8

Action                   |  1- 3 |  4- 6 || total
-------------------------+-------+-------++-------
Melee: Mace              |    56 |    36 ||    92
       Bite              |     6 |     6 ||    12
       Punch             |     2 |     1 ||     3
Throw: Dart              |       |     3 ||     3
 Cast: Sting             |    17 |    11 ||    28
 Stab: Sleeping          |     7 |       ||     7
Armor: Robe              |    19 |    23 ||    42
Dodge: Dodged            |    27 |    43 ||    70
